 Dungeon Crawl Stone Soup version 0.30-a0-40-gc6d0f036a7 (webtiles) character file.

Game seed: 5798025507052932004

12167 robertstho the Thaumaturge (level 12, -3/74 (83) HPs)
             Began as a Djinni Fire Elementalist on Aug 29, 2022.
             Was an Initiate of Makhleb.
             Slain by a boulder beetle (24 damage)
             ... on level 1 of the Lair of Beasts.
             The game lasted 00:22:59 (18123 turns).

robertstho the Thaumaturge (DjFE)                  Turns: 18123, Time: 00:23:00

HP:   -3/74 (83)    AC:  6    Str: 11    XL:     12   Next: 16%
Gold: 688           EV: 13    Int: 21    God:    Makhleb [......] SH:  5 Dex: 17

rFire   + + .      SeeInvis .    e - +6 flail "Plog" {vamp, rC+}
rCold   + + .      Faith    .    (no shield)
rNeg    . . .      Spirit   .    y - +2 leather armour {rC+}
rPois   ∞          Reflect  +    (no helmet)
rElec   .          Harm     .    h - scarf {+Inv}
rCorr   +          Rampage  .    o - +0 pair of gloves
Will    +....                    (boots unavailable)
Stlth   ++........               u - amulet of reflection
HPRegen 0.22/turn                r - ring of wizardry
MPRegen 0.00/turn                G - ring of Abstinence {rPois rC+ rCorr Str+4 Dex+2}

@: flying, heavily drained
A: sickness immunity, fire resistance 2, cold vulnerability 1, float, innate
caster, HP casting, extra vitality 1
a: Renounce Religion, Evoke Invisibility


You were on level 1 of the Lair of Beasts.
You worshipped Makhleb.
Makhleb was noncommittal.
You visited 3 branches of the dungeon, and saw 13 of its levels.

You collected 811 gold pieces.
You spent 123 gold pieces at shops.

Inventory:

Hand Weapons
 b - a +1 flail of holy wrath
 e - the +6 flail "Plog" (weapon) {vamp, rC+}
   (You found it on level 4 of the Dungeon)

   It occasionally heals its wielder for a portion of the damage dealt when it
   wounds a living foe.
   rC:        It protects you from cold.
 j - a +1 flail of protection
Armour
 h - a scarf of invisibility (worn)
 o - a +0 pair of gloves (worn)
 y - a +2 leather armour of cold resistance (worn)
Jewellery
 p - a ring of ice
 r - a ring of wizardry (left hand)
 u - an amulet of reflection (around neck)
 G - the ring of Abstinence (right hand) {rPois rC+ rCorr Str+4 Dex+2}
   (You found it on level 8 of the Dungeon)

   [ring of poison resistance]

   Str:       It affects your strength (+4).
   Dex:       It affects your dexterity (+2).
   rC:        It protects you from cold.
   rPois:     It protects you from poison.
   rCorr:     It protects you from acid and corrosion.
Wands
 c - a wand of charming (18)
 d - a wand of digging (7)
 t - a wand of roots (1)
 F - a wand of polymorph (6)
Scrolls
 f - 2 scrolls of enchant armour
 m - a scroll of blinking {unknown}
 q - a scroll of teleportation
 A - a scroll of immolation {unknown}
 D - a scroll of silence {unknown}
 E - a scroll of butterflies
Potions
 a - 2 potions of mutation
 i - 5 potions of heal wounds {unknown}
 k - a potion of resistance {unknown}
 l - a potion of berserk rage
 n - 2 potions of degeneration
 s - a potion of might {unknown}
 v - 2 potions of ambrosia {unknown}
 w - a potion of haste {unknown}
 x - 2 potions of brilliance {unknown}
 z - 2 potions of flight {unknown}
 B - a potion of invisibility {unknown}
 C - 2 potions of curing


   Skills:
 * Level 6.1 Fighting
 + Level 1.0 Maces & Flails
 + Level 2.3 Armour
 + Level 3.2 Dodging
 + Level 2.5 Stealth
 + Level 1.0 Shields
 * Level 13.1 Spellcasting
 * Level 2.0 Invocations
 + Level 0.1 Evocations


You had 11 spell levels left.
You knew the following spells:

 Your Spells              Type           Power      Damage    Failure   Level
a - Foxfire               Conj/Fire      100%       2x1d9     1%          1
b - Scorch                Fire           100%       2d10      1%          2
c - Conjure Flame         Conj/Fire      62%        6-21      1%          3
d - Inner Flame           Hex/Fire       62%        N/A       1%          3
e - Flame Wave            Conj/Fire      62%        2d14      1%          4
f - Slow                  Hex            100%       N/A       1%          1
g - Static Discharge      Conj/Air       100%       3-10/arc  1%          2
h - Swiftness             Air            62%        N/A       1%          3
i - Call Canine Familiar  Summ           62%        N/A       1%          3
j - Leda's Liquefaction   Hex/Erth       31%        N/A       1%          4
Your spell library was empty.

Dungeon Overview and Level Annotations

Branches:
Dungeon (11/15)            Temple (1/1) D:6            Lair (1/5) D:11
    Orc: D:9-12

Altars:
Ashenzari
Cheibriados
Dithmenos
Elyvilon
Fedhas
Gozag
Hepliaklqana
Makhleb
Nemelex Xobeh
Okawaru
Qazlal
Ru
Trog
Uskayaw
Wu Jian
Xom
Yredelemnul
Zin
The Shining One

Shops:
D:1 *   D:2 [

Annotations:
D:7 2 transporters, nickcage's ghost, novice MiGl
D:11 1 runed translucent door


Innate Abilities, Weirdness & Mutations

You are immune to sickness and miasma.
You are immune to poison.
Your flesh is very heat resistant. (rF++)
You are vulnerable to cold. (rC-)
You float through the air rather than walking.
You learn spells naturally, not from books.
Your magical power is your life essence.
You have superior vitality. (+4 MHP)


Message History

The cane toad is burned terribly!
You kill the cane toad!
Makhleb accepts your kill.
The flame wave engulfs the water moccasin!!
The water moccasin is severely wounded.
The flame wave engulfs the boulder beetle but does no damage.
The water moccasin misses you.
Your Shields skill increases to level 1!
Your Invocations skill increases to level 2!
Unknown command.
Unknown command.
A wave of flame ripples out!
The flame wave engulfs the water moccasin!
You kill the water moccasin!
Makhleb accepts your kill.
The flame wave engulfs the boulder beetle!!
The boulder beetle is moderately wounded.
You finish channelling waves of flame.
The boulder beetle bites you but does no damage.
Unknown command.
Unknown command.
Unknown command.
Casting: Flame Wave (safe; 1% risk of failure)
Confirm with . or Enter, or press ? or * to list all spells.
The boulder beetle misses you.
Unknown command.
The boulder beetle attacks as you move away!
The boulder beetle bites you!!
* * * LOW HITPOINT WARNING * * *
Your wolf bites the boulder beetle but does no damage.
Casting: Call Canine Familiar (safe; 1% risk of failure)
Confirm with . or Enter, or press ? or * to list all spells.
Flames lash the boulder beetle.
The boulder beetle is moderately wounded.
The boulder beetle's fire resistance burns away.
* * * LOW HITPOINT WARNING * * *
Your wolf bites the boulder beetle.
The boulder beetle barely misses you.
You feel better.
Your wolf bites the boulder beetle. x2
The boulder beetle bites you!!
You die...

# ##.....P#####.
PP#................)...
..........).............
...(......†..............
.........................
.####....†#####.##.......
#......# # ....P#
#......#######....#
#...........@Bh...#
#.....##...###†...#
#.....#.#..# ....#
#..........# ....#
.......#.#..# ....#
.#.....###### ....#
#..... ...># ...... .....
...


You could see a boulder beetle (combustible, ally target) and a friendly wolf
(summoned).

Vanquished Creatures
  A centaur warrior (D:10)
  A two-headed ogre (D:10)
  3 cane toads (Lair:1)
  3 trolls
  2 wraiths
  18 yaks
  A wyvern (D:8)
  A warg (D:8)
  An acid dragon (D:11)
  4 water moccasins
  3 orc warriors
  3 ice beasts
  3 black bears
  2 sky beasts (D:7)
  3 ogres (D:8)
  4 centaurs
  3 phantoms
  5 kobold brigands
  2 necrophages
  5 bullfrogs
  3 gnoll sergeants (D:8)
  A scorpion (D:11)
  5 wights
  11 howler monkeys
  A centaur zombie (D:4)
  A jelly (D:8)
  13 hounds
  13 orc priests
  4 gnoll boudas
  5 iguanas
  Natasha (thrice) (D:3)
  Terence (D:2)
  21 orc wizards
  2 scorpion zombies (D:4)
  4 hell rats (D:7)
  A howler monkey zombie (D:4)
  21 gnolls
  6 river rats (D:7)
  10 adders
  A shadow imp (D:7)
  A white imp (D:7)
  2 ufetubi
  An adder skeleton (D:4)
  An adder zombie (D:4)
  3 worms
  2 dart slugs (D:2)
  44 orcs
  7 ball pythons
  3 bats
  4 endoplasms
  4 hobgoblins
  5 jackals
  12 quokkas
  2 frilled lizards (D:3)
  6 goblins
  A jackal skeleton (D:4)
  17 kobolds
  18 rats
328 creatures vanquished.

Vanquished Creatures (collateral kills)
  4 foxfires (D:11)
4 creatures vanquished.

Vanquished Creatures (others)
  1141 foxfires
  5 fungi (D:11)
  7 plants
1153 creatures vanquished.

Grand Total: 1485 creatures vanquished

Notes
Turn   | Place    | Note
-------+----------+-------------------------------------------
     0 | D:1      | robertstho the Djinni Fire Elementalist began the quest for
                  | the Orb.
     0 | D:1      | robertstho set off with the following spells memorised:
                  | Foxfire, Scorch, Conjure Flame, Inner Flame, Flame Wave.
     0 | D:1      | Reached XP level 1. HP: 15/15 MP: 0/0
   243 | D:1      | Reached XP level 2. HP: 19/21 MP: 0/0
   680 | D:1      | Found Iczageec's Assorted Antiques.
  1254 | D:2      | Reached skill level 3 in Spellcasting
  1254 | D:2      | Reached XP level 3. HP: 18/25 MP: 0/0
  1254 | D:2      | Learned a level 1 spell: Slow
  1267 | D:2      | Reached XP level 4. HP: 3/31 MP: 0/0
  1794 | D:2      | Found Nith's Antique Armour Shop.
  2066 | D:2      | Reached skill level 1 in Fighting
  2141 | D:2      | Noticed Terence
  2148 | D:2      | Killed Terence
  2149 | D:2      | Reached XP level 5. HP: 8/37 MP: 0/0
  2149 | D:2      | Learned a level 2 spell: Static Discharge
  2398 | D:2      | Reached skill level 4 in Spellcasting
  2956 | D:3      | Reached XP level 6. HP: 33/42 MP: 0/0
  3679 | D:3      | Found a faded altar of an unknown god.
  3788 | D:3      | Noticed Natasha
  3795 | D:3      | Killed Natasha
  3796 | D:3      | Reached skill level 5 in Spellcasting
  3827 | D:3      | Noticed Natasha
  3830 | D:3      | Killed Natasha
  3846 | D:3      | Noticed Natasha
  3851 | D:3      | Killed Natasha
  4338 | D:1      | Bought a metallic purple potion for 18 gold pieces
  4338 | D:1      | Bought a glass ring for 105 gold pieces
  4429 | D:4      | Reached XP level 7. HP: 11/47 MP: 0/0
  4429 | D:4      | Learned a level 3 spell: Swiftness
  5296 | D:4      | Found an iron altar of Okawaru.
  5297 | D:4      | Found a glowing golden altar of the Shining One.
  5336 | D:4      | Identified the +6 flail "Plog" {vamp, rC+}
  5457 | D:4      | Reached skill level 6 in Spellcasting
  5599 | D:4      | Reached XP level 8. HP: 47/54 MP: 0/0
  6096 | D:5      | Entered Level 5 of the Dungeon
  6211 | D:5      | Reached skill level 7 in Spellcasting
  7118 | D:6      | Found a staircase to the Ecumenical Temple.
  7121 | D:6      | Reached XP level 9. HP: 57/59 MP: 0/0
  7121 | D:6      | Learned a level 3 spell: Call Canine Familiar
  7129 | Temple   | Entered the Ecumenical Temple
  8262 | D:7      | Reached skill level 8 in Spellcasting
  8354 | D:7      | Found a transporter.
  8362 | D:7      | Noticed nickcage's ghost (novice MiGl)
  8362 | D:7      | Noticed a moth of wrath
  8432 | D:7      | Found a transporter.
  9286 | D:7      | Reached skill level 9 in Spellcasting
 10392 | D:8      | Reached XP level 10. HP: 57/67 MP: 0/0
 10647 | D:8      | Reached skill level 10 in Spellcasting
 11697 | D:8      | Reached skill level 11 in Spellcasting
 11700 | D:8      | Reached skill level 1 in Armour
 11923 | D:8      | Reached skill level 5 in Fighting
 12270 | D:8      | Reached XP level 11. HP: 55/75 MP: 0/0
 12270 | D:8      | Learned a level 4 spell: Leda's Liquefaction
 12982 | D:8      | Identified the ring of Abstinence {rPois rC+ rCorr Str+4
                  | Dex+2}
 13463 | D:9      | Found Ithrokka's Antique Weapon Emporium.
 14105 | D:9      | Found a glowing silver altar of Zin.
 14191 | D:10     | Entered Level 10 of the Dungeon
 14191 | D:10     | Found a burning altar of Makhleb.
 14195 | D:10     | Became a worshipper of Makhleb the Destroyer
 14277 | D:10     | Reached skill level 12 in Spellcasting
 15305 | D:10     | Noticed a centaur warrior
 15313 | D:10     | Killed a centaur warrior
 15677 | D:10     | Noticed a two-headed ogre
 15683 | D:10     | Killed a two-headed ogre
 15684 | D:10     | Reached skill level 1 in Maces & Flails
 15684 | D:10     | Reached skill level 1 in Invocations
 16597 | D:11     | Noticed a death knight
 16605 | D:11     | HP: 3/76 [death knight/+4 battleaxe (16)]
 16606 | D:11     | HP: 1/76 [mirror damage (2)]
 17061 | D:11     | Found a staircase to the Lair.
 17066 | D:11     | Reached XP level 12. HP: 56/82 MP: 0/0
 17373 | D:11     | Noticed a tengu warrior
 17376 | D:11     | Noticed a tengu warrior
 17386 | D:11     | Found a runed translucent door.
 17896 | Lair:1   | Entered Level 1 of the Lair of Beasts
 17911 | Lair:1   | Reached skill level 13 in Spellcasting
 18110 | Lair:1   | Noticed a boulder beetle
 18119 | Lair:1   | Reached skill level 1 in Shields
 18123 | Lair:1   | Slain by a boulder beetle

Illustrated notes

Levels and vault maps discovered:
D:1:      dpeg_arrival_arbitrary_c, layout_basic, serial_shops, shop
D:2:      layout_loops_ring, serial_shops, nicolae_shop_trees, uniq_terence
D:3:      layout_rooms, serial_corexii_hall, corexii_hall_statues_t,
          chequers_hall_statues_y, corexii_hall_statues_deadend,
          shapermc_ecumenical_altar_totnotflames, st_stairs_3, uniq_natasha
D:4:      layout_gridville, nicolae_overflow_two_pavilions, serial_undead,
          serial_undead_a, serial_undead_a, serial_undead_f, serial_undead_e,
          kennysheep_generic_room_4
D:5:      layout_rooms, corexii_shack
D:6:      layout_basic, minmay_temple_entry_trees
D:7:      lemuel_ratsnest, layout_cave_pods, gammafunk_ghost_berserking_beasts
D:8:      lemuel_castle_with_subvaults [lemuel_castle_interior_carwin_3],
          layout_cave_pools, amcnicky_mini_corridor_feature,
          kennysheep_kite_vault
D:9:      layout_basic, zin_statuary, serial_shops, nicolae_diamond_shop
D:10:     layout_grid_maze, bloody_makhleb
D:11:     layout_stronghold, grunt_lair_entry_orc_guard_hut, ebering_ghost_xom,
          nicolae_wu_jian_wuxing_cycle, uniq_snorg
Temple:   compressed_dpeg_circular_temple
Lair:1:   beast_lair_carwin_large_3, layout_regular_city,
          eino_small_chamber_without_monster, wad_woods_road_01

Skill      XL: |  1  2  3  4  5  6  7  8  9 10 11 12 |
---------------+-------------------------------------+-----
Spellcasting   | 3 4 5 6 7 9 11 12 13 | 13.1
Fighting       | 1 2 3 5 6 |  6.1
Stealth        | 2 |  2.5
Dodging        | 3 |  3.2
Armour         | 1 2 |  2.3
Maces & Flails | 1 |  1.0
Invocations    | 1 2 |  2.0
Shields        | 1 |  1.0
Evocations     | |  0.1

Action                   |  1- 3 |  4- 6 |  7- 9 | 10-12 || total
-------------------------+-------+-------+-------+-------++-------
Melee: Flail             |       |     1 |    16 |     1 ||    18
       Punch             |       |       |     1 |       ||     1
 Cast: Foxfire           |    25 |    78 |   186 |   362 ||   651
       Scorch            |    15 |    53 |    84 |    83 ||   235
       Conjure Flame     |     1 |       |     1 |       ||     2
       Flame Wave        |       |       |     9 |    13 ||    22
       Call Canine Famil |       |       |       |     2 ||     2
Evoke: Wand              |       |       |       |     3 ||     3
  Use: Scroll            |       |     2 |     6 |     6 ||    14
       Potion            |       |       |     3 |     2 ||     5
Armor: Robe              |     3 |     9 |    17 |       ||    29
       Leather armour    |       |       |       |    24 ||    24
Dodge: Dodged            |     6 |    10 |    40 |    34 ||    90
Block: Other             |       |       |     5 |    23 ||    28
       Reflection        |       |       |       |     2 ||     2

Table legend: (Time is in decaauts)
 A = Elapsed time spent in this place.
 B = Non-inter-level travel time spent in this place.
 C = Inter-level travel time spent in this place.
 D = Time resting spent in this place.
 E = Time spent auto-exploring this place.
 F = Levels seen in this place.
 G = Mean time per level.
                   A        B        C        D        E       F      G
               +--------+--------+--------+--------+--------+-----+--------+
         Total |  18135 |  17502 |    633 |   1123 |  14564 |  13 | 1395.0 |
       Dungeon |  17826 |  17202 |    624 |   1123 |  14311 |  11 | 1620.5 |
        Temple |     81 |     72 |      9 |      0 |     58 |   1 |   81.0 |
          Lair |    226 |    226 |      0 |      0 |    195 |   1 |  226.0 |
               +--------+--------+--------+--------+--------+-----+--------+

Top non-repeatable levels by time:
     D:8: 2785 daAuts
    D:10: 2639 daAuts
     D:7: 2054 daAuts
     D:2: 1902 daAuts
     D:4: 1685 daAuts
     D:3: 1477 daAuts
     D:9: 1162 daAuts
    D:11: 1065 daAuts
     D:6: 1053 daAuts
     D:1: 1036 daAuts
     D:5: 963 daAuts
  Lair:1: 226 daAuts
  Temple: 81 daAuts
